cohdb
Replays
Latest Replays
All Replays
Popular Replays
Top Player Replays
Match Explorer
How It Works
Community
CoH3 Stats
Reddit
Sign in to upload your games and track your stats! →
Sign in with Steam
Match 45393497
Unlisted
Match 45393497
Overview
Messages
Build Orders
End
Selects Breakthrough Battlegroup
Selects Assault Grenadiers
Construct Infanterie Kompanie
Kettenkrad Recon Vehicle
Grenadier Squad
Grenadier Squad
Grenadier Squad
Infanterie Officer Quarters
Grenadier Squad
Selects Smoke Bombing Run
Construct Panzergrenadier Kompanie
Selects Mechanized Assault Group
Medical Bunker
Mechanized Assault Group
Smoke Bombing Run
Construct Panzer Kompanie
Support Elements
StuG III G Assault Gun
StuG III G Assault Gun
Smoke Bombing Run
Mechanized Assault Group
Construct Panzer Kompanie
Selects Rapid Production
Selects Blitzkrieg
Panzer IV Medium Tank
Panzer Officer Quarters
Side Skirts
Pioneer Squad
Smoke Bombing Run
Panzer IV Medium Tank
Medical Station
Selects Tiger Heavy Tank
Pioneer Squad
Smoke Bombing Run
Tiger Heavy Tank
Stoßtruppen Squad
Pioneer Squad
Smoke Bombing Run
StuG III G Assault Gun
MG 42 Bunker
Construct Luftwaffe Kompanie
Jäger Squad
Jäger Squad
Jäger Squad
Luftwaffe Officer Quarters
naive
go_kitkayu
Sturmi
ö开挂死一户口本
Guacamole Stains
T0MMY
Pioneer Combine
Sayamander 🐉
0
0
Comments
sign in to comment!
No comments posted yet!